 Dungeon Crawl Stone Soup version 0.31.0-32-g396128a36d (webtiles) character file.

Game seed: 3585606967373517602

126 creepster the Conjurer (level 4, -1/36 HPs)
             Began as a Draconian Conjurer on Apr 9, 2024.
             Succumbed to a kobold's poison
             ... on level 3 of the Dungeon.
             The game lasted 00:27:38 (2120 turns).

creepster the Conjurer (Draconian Conjurer)         Turns: 2120, Time: 00:27:38

Health: -1/36      AC:  5    Str:  9    XL:     4   Next: 83%
Magic:  4/7        EV: 12    Int: 21    God:
Gold:   117        SH:  0    Dex:  9    Spells: 5/8 levels left

rFire   . . .        j - +0 short sword
rCold   . . .        (no shield)
rNeg    . . .        (body armour unavailable)
rPois   .            (helmet restricted)
rElec   .            (no cloak)
rCorr   .            (no gloves)
SInv    .            (no boots)
Will    .....        (no amulet)
Stlth   ++           (no ring)
HPRegen 0.26/turn    (no ring)
MPRegen 0.10/turn

%: no passive effects
@: lethally poisoned (-1 -> -15)
A: AC +5, unfitting armour, cold-blooded, devolution 1
a: no special abilities


You were on level 3 of the Dungeon.
You visited 1 branch of the dungeon, and saw 3 of its levels.

You collected 117 gold pieces.

Inventory:

Hand Weapons
 c - a +0 dagger
 d - a +0 sling
 j - a +0 short sword (weapon)
Missiles
 g - 3 poisoned darts (quivered)
Magical Staves
 h - a staff of cold
Scrolls
 i - a scroll of teleportation
Potions
 a - a potion of magic
 b - 2 potions of attraction
 e - a potion of enlightenment {unknown}
 f - a potion of degeneration {unknown}
 k - a potion of berserk rage {unknown}
 l - a potion of might {unknown}


   Skills:
 * Level 2.0 Fighting
 + Level 0.3 Short Blades
 + Level 2.0 Dodging
 * Level 2.3 Stealth
 + Level 2.5 Spellcasting
 + Level 5.1 Conjurations


You had 5 spell levels left.
You knew the following spells:

 Your Spells              Type           Power      Damage    Failure   Level
a - Magic Dart            Conj           96%        1d7       1%          1
b - Searing Ray           Conj           48%        2d6       2%          2

Your spell library contained the following spells:

 Spells                   Type           Power      Damage    Failure   Level
 Fulminant Prism          Conj/Alch      6%         3d7       43%         4
 Iskenderun's Mystic Bla  Conj/Tloc      13%        2d5       43%         4
 Sculpt Simulacrum        Ice/Alch       1%         N/A       100%        6
 Ozocubu's Refrigeration  Ice            1%         4d7       100%        7
 Polar Vortex             Ice            1%         N/A       100%        9


Dungeon Overview and Level Annotations

Branches:
Dungeon (3/15)

Altars:
Qazlal

Annotations:
D:3 Ijyb


Innate Abilities, Weirdness & Mutations

Your plain brown scales are hard. (AC +5)
You cannot fit into any form of body armour.
You are cold-blooded and may be slowed by cold attacks.
You have hidden genetic defects.


Message History

A kobold comes into view. It is wielding a +0 dagger of venom.
Ijyb hits you with a +0 club.
The kobold shouts!
You hit Ijyb but do no damage. You tail-slap Ijyb.
Ijyb is moderately wounded.
Ijyb zaps a wand.
You suddenly lose the ability to move!
Ijyb hits you but does no damage.
Ijyb zaps a wand.
You resist with some effort. Ijyb hits you with a +0 club.
Ijyb hits you but does no damage.
You can move again.
Ijyb attacks as she pursues you! Ijyb misses you.
There is a stone staircase leading down here.
Ijyb attacks as she pursues you! Ijyb closely misses you.
You closely miss Ijyb.
Ijyb is moderately wounded.
Ijyb closely misses you.
You barely miss Ijyb.
Ijyb is moderately wounded.
Ijyb hits you with a +0 club.
You barely miss Ijyb.
Ijyb is moderately wounded.
The kobold hits you but does no damage. Ijyb completely misses you.
You barely miss Ijyb.
Ijyb is moderately wounded.
The kobold hits you with a +0 dagger of venom.
You are poisoned.
You hit Ijyb but do no damage.
Ijyb is moderately wounded.
* * * LOW HITPOINT WARNING * * *
You feel very sick. Ijyb hits you with a +0 club.
* * * LOW HITPOINT WARNING * * *
The kobold hits you but does no damage.
You are more poisoned.
* * * LOW HITPOINT WARNING * * *
You feel very sick. Ijyb hits you with a +0 club.
* * * LOW HITPOINT WARNING * * *
You die...

#.# #.....# #.# #.....#
#.# #.....# #.#
#.....####
.######.###.......<#
^.........+.....##.##
#.# #.)......... #.#
#.....##.##.. #.#
##'##@##.# .#
########)####.##.##.# #
........)......Kg.#.#...
.......)........>.......
########..###.....#.#.#.
#..# #.....#.#
#..###.....# .
#..†.......# .
#..###.###..# ..


You could see Ijyb and a kobold.

Vanquished Creatures
  Jessica (D:2)
  An orc wizard (D:3)
  2 adders
  2 ribbon worms (D:2)
  3 dart slugs
  3 orcs (D:3)
  7 endoplasms
  2 goblins
  3 hobgoblins
  3 kobolds
  4 quokkas
  3 ball pythons
  3 bats
  A frilled lizard (D:1)
  5 rats
43 creatures vanquished.

Notes
Turn   | Place    | Note
-------+----------+-------------------------------------------
     0 | D:1      | creepster the Draconian Conjurer began the quest for the
                  | Orb.
     0 | D:1      | Reached XP level 1. HP: 14/14 MP: 3/3
   277 | D:1      | Reached XP level 2. HP: 22/22 MP: 3/5
   455 | D:1      | Learned a level 2 spell: Searing Ray
   757 | D:1      | Reached skill level 1 in Fighting
   938 | D:2      | Found a stormy altar of Qazlal.
   963 | D:2      | Reached XP level 3. HP: 28/28 MP: 1/6
  1310 | D:2      | Noticed Jessica
  1315 | D:2      | Killed Jessica
  1388 | D:2      | Reached XP level 4. HP: 35/35 MP: 1/7
  1504 | D:2      | Gained mutation: Your spells are a little harder to cast,
                  | but a little more powerful. [potion of mutation]
  1504 | D:2      | Gained mutation: You are somewhat resistant to further
                  | mutation. [potion of mutation]
  1962 | D:3      | Reached skill level 5 in Conjurations
  2027 | D:3      | Lost mutation: You are somewhat resistant to further
                  | mutation. [potion of mutation]
  2027 | D:3      | Lost mutation: Your spells are a little harder to cast, but
                  | a little more powerful. [potion of mutation]
  2027 | D:3      | Gained mutation: You have hidden genetic defects. [potion
                  | of mutation]
  2037 | D:3      | Noticed Ijyb
  2042 | D:3      | Paralysed by Ijyb for 3 turns
  2057 | D:3      | Paralysed by Ijyb for 2 turns
  2061 | D:3      | Paralysed by Ijyb for 2 turns
  2069 | D:3      | Paralysed by Ijyb for 5 turns
  2077 | D:3      | Paralysed by Ijyb for 4 turns
  2089 | D:3      | Paralysed by Ijyb for 5 turns
  2098 | D:3      | Paralysed by Ijyb for 4 turns
  2103 | D:3      | Paralysed by Ijyb for 5 turns
  2120 | D:3      | Succumbed to a kobold's poison

Illustrated notes

Levels and vault maps discovered:
D:1:      lemuel_arrival_river_ford, layout_basic,
          nicolae_concentric_dashed_squares_wild,
          hangedman_abyss_or_decor_lesser_grid
D:2:      layout_basic, basic_altar, uniq_jessica
D:3:      layout_basic, uniq_sigmund, uniq_ijyb, uniq_robin

Skill      XL: |  1  2  3  4 |
---------------+-------------+-----
Stealth        | 2 |  2.3
Fighting       | 1 2 |  2.0
Dodging        | 2 |  2.0
Conjurations   | 5 |  5.1
Short Blades   | |  0.3
Spellcasting   | |  2.5

Action                     |  1- 3 |  4- 6 || total
---------------------------+-------+-------++-------
  Melee: Dagger            |    10 |       ||    10
         Punch             |     1 |       ||     1
         Short sword       |    11 |    60 ||    71
         Tailslap          |     1 |     5 ||     6
   Cast: Magic Dart        |    39 |     8 ||    47
         Searing Ray       |     9 |     9 ||    18
    Use: Scroll            |     5 |       ||     5
         Potion            |       |     2 ||     2
 Armour: Skin              |    15 |    53 ||    68
  Dodge: Dodged            |    11 |    44 ||    55
